 Dungeon Crawl Stone Soup version 0.16-b1 (webtiles) character file.

4 McCoppin the Slasher (level 1, -2/21 HPs)
             Began as a Naga Chaos Knight on Mar 14, 2015.
             Slain by a hobgoblin
             ... wielding a +0 club
              (4 damage)
             ... on level 1 of the Dungeon.
             The game lasted 00:00:51 (219 turns).

McCoppin the Slasher (Naga Chaos Knight)             Turns: 219, Time: 00:00:51

Health: -2/21      AC:  4    Str: 14    XL:     1   Next: 70%
Magic:  1/1        EV:  9    Int: 12    God:    Xom [......]
Gold:   39         SH:  0    Dex:  6    Spells: 0 memorised, 0 levels left

rFire  . . .     SeeInvis +     a - +0 falchion (chaos)
rCold  + . .     Clarity  .     b - +2 leather armour
rNeg   . . .     SustAb   .     (no shield)
rPois  +         Gourm    .     (no helmet)
rElec  .         Spirit   .     (no cloak)
rCorr  .         Warding  .     (no gloves)
rMut   .         Stasis   .     (no barding)
MR     .....                    (no amulet)
Stlth  +.........               (no ring)
                                (no ring)

@: very slow, not resistant to hostile enchantments, very unstealthy
A: spit poison, see invisible, clumsy 2, cold resistance 1, deformed body,
poison resistance, slowness 2, slow healing 1
a: Spit Poison, Renounce Religion


You were on level 1 of the Dungeon.
You worshipped Xom.
You were a very special plaything of Xom.
You were not hungry.

You visited 1 branch of the dungeon, and saw 1 of its levels.

You collected 39 gold pieces.

Inventory:

Hand weapons
 a - a +0 falchion of chaos (weapon)
Armour
 b - a +2 leather armour (worn)
Jewellery
 g - a cursed amulet of inaccuracy {unknown}
Scrolls
 e - a scroll of remove curse {unknown}
Potions
 d - a potion of heal wounds {unknown}
 f - a potion of ambrosia {unknown}
Comestibles
 c - a bread ration


   Skills:
 - Level 3.0 Fighting
 + Level 3.3 Long Blades
 - Level 1.5 Armour
 - Level 0.7 Dodging


You couldn't memorise any spells.
You didn't know any spells.

Dungeon Overview and Level Annotations

Branches:
Dungeon (1/15)

Altars:


Innate Abilities, Weirdness & Mutations

You cannot wear boots.
You can spit poison.
You have supernaturally acute eyesight.
Armour fits poorly on your strangely shaped body.
Your system is resistant to poisons.
You cover ground very slowly.
You are very clumsy. (Dex -4)
Your flesh is cold resistant.
You heal slowly when monsters are visible.


Message History

A hobgoblin comes into view. It is wielding a club.
You are too injured to fight recklessly!
You are too injured to fight recklessly!
You are too injured to fight recklessly!
You hit the hobgoblin but do no damage.
The hobgoblin hits you but does no damage.
You hit the hobgoblin but do no damage. The hobgoblin hits you with a club.
You barely miss the hobgoblin. The hobgoblin hits you with a club.
You hit the hobgoblin but do no damage. The hobgoblin hits you with a club.
* * * LOW HITPOINT WARNING * * *
You closely miss the hobgoblin.
The hobgoblin hits you but does no damage.
You hit the hobgoblin but do no damage. The hobgoblin completely misses you.
You hit the hobgoblin.
The hobgoblin is lightly wounded.
The hobgoblin hits you but does no damage.
You hit the hobgoblin. You freeze the hobgoblin.
The hobgoblin is severely wounded.
The hobgoblin hits you with a club.
You die...

################
#..............#
#.############.#
#.# #.# #.# #.#
#.# #.# #@# #.#
#g# #.# #.# #.#
#.# #.# #.# ##
#.# ..#
....###.### ...
............ ..#
.....###.###
##.# ..........#


You could see a hobgoblin.

Vanquished Creatures
  A hobgoblin (D:1)
  A kobold (D:1)
  A bat (D:1)
  2 rats (D:1)
5 creatures vanquished.

Notes
Turn   | Place    | Note
--------------------------------------------------------------
     0 | D:1      | McCoppin, the Naga Chaos Knight, began the quest for the Orb.
     0 | D:1      | Reached XP level 1. HP: 21/21 MP: 1/1
    23 | D:1      | XOM: harmless Pois miscast
   185 | D:1      | XOM: give mutations
   185 | D:1      | Gained mutation: You heal slowly when monsters are visible. [Xom's mischief]
   185 | D:1      | Gained mutation: You are clumsy. (Dex -2) [Xom's mischief]
   185 | D:1      | Gained mutation: Your flesh is cold resistant. [Xom's mischief]
   185 | D:1      | Gained mutation: You are very clumsy. (Dex -4) [Xom's mischief]
   219 | D:1      | Slain by a hobgoblin

Action                   || total
-------------------------++-------
Melee: Falchion          ||    19
